 Dungeon Crawl Stone Soup version 0.29-a0-284-gf9362112df (webtiles) character file.

Game seed: 4105297451159794588

50 YayAnonymity the Chopper (level 3, 0/30 HPs)
             Began as a Demigod Fighter on Mar 26, 2022.
             Slain by a goblin
             ... wielding a +0 dagger
             ... led by Robin
              (1 damage)
             ... on level 2 of the Dungeon.
             The game lasted 00:01:13 (1015 turns).

YayAnonymity the Chopper (Demigod Fighter)          Turns: 1015, Time: 00:01:13

Health: 0/30       AC:  7    Str: 21    XL:     3   Next: 35%
Magic:  5/5        EV:  9    Int: 10    God:
Gold:   48         SH:  4    Dex: 13    Spells: 2/2 levels left

rFire   . . .      SeeInvis .   a - +0 war axe
rCold   . . .      Faith    .   c - +0 buckler
rNeg    . . .      Spirit   .   b - +0 scale mail
rPois   .          Reflect  .   (no helmet)
rElec   .          Harm     .   (no cloak)
rCorr   .          Rampage  .   j - +0 pair of gloves
Will    .....                   (no boots)
Stlth   ..........              (no amulet)
HPRegen 0.10/turn               (no ring)
MPRegen 0.09/turn               (no ring)

@: mighty
A: high MP 1, forlorn, divine attributes
a: no special abilities


You were on level 2 of the Dungeon.
You visited 1 branch of the dungeon, and saw 2 of its levels.

You collected 48 gold pieces.

Inventory:

Hand Weapons
 a - a +0 war axe (weapon)
Armour
 b - a +0 scale mail (worn)
 c - a +0 buckler (worn)
 j - a +0 pair of gloves (worn)
Scrolls
 e - 2 scrolls of identify {unknown}
 g - 2 scrolls of noise {unknown}
 h - a scroll of enchant weapon {unknown}
 k - 5 scrolls of teleportation {unknown}
 m - a scroll of immolation {unknown}
 n - a scroll of fear {unknown}
 p - a scroll of amnesia {unknown}
Potions
 d - a potion of might
 f - a potion of lignification {unknown}
 i - a potion of resistance {unknown}
 l - a potion of attraction {unknown}
 o - 2 potions of heal wounds {unknown}


   Skills:
 - Level 2.6 Fighting
 + Level 3.6 Axes
 - Level 2.6 Armour
 - Level 2.6 Shields


You had 2 spell levels left.
You didn't know any spells.
Your spell library contained the following spells:

 Spells                   Type           Power      Damage    Failure   Level
 Ensorcelled Hibernation  Hex/Ice        0%         N/A       91%         2
 Call Canine Familiar     Summ           0%         N/A       99%         3
 Portal Projectile        Hex/Tloc       0%         N/A       99%         3
 Fulminant Prism          Conj/Hex       0%         3d6       100%        4
 Leda's Liquefaction      Hex/Erth       0%         N/A       100%        4
 Borgnjor's Vile Clutch   Necr/Erth      0%         N/A       100%        5


Dungeon Overview and Level Annotations

Branches:
Dungeon (2/15)


Innate Abilities, Weirdness & Mutations

You have an increased reservoir of magic. (+10% MP)
You shall have no god before yourself.
Your divine heritage dramatically boosts your attributes as you level up.


Message History

A kobold comes into view. It is wielding a +0 short sword.
The adder bites you but does no damage.
You have reached level 3!
Your experience leads to a dramatic increase in your attributes!
Increase (S)trength, (I)ntelligence, or (D)exterity?
You feel stronger. x4
You slash the adder!
You kill the adder!
You hit the goblin. You slash the goblin!
You kill the goblin!
You hit the goblin.
You feel sick. The goblin closely misses you. You block the bat's attack.
The goblin closely misses you. x2
You barely miss the goblin. You slash the goblin!
You kill the goblin!
You hit the goblin but do no damage. You hit the bat.
You kill the bat!
You feel sick. The goblin completely misses you. You block the goblin's attack.
You slice the goblin!!
You kill the goblin!
You hit the hobgoblin. You slash the goblin!
You kill the goblin!
You feel sick.
You are no longer poisoned.
The hobgoblin completely misses you.
You slash Robin!
Robin is almost dead.
You slash the hobgoblin!
You kill the hobgoblin!
You closely miss the goblin. Robin hits you with a +0 falchion.
* * * LOW HITPOINT WARNING * * *
The goblin barely misses you. Robin hits you but does no damage.
The goblin hits you with a +0 dagger.
* * * LOW HITPOINT WARNING * * *
You barely miss Robin.
Robin is almost dead.
You barely miss the goblin. The goblin misses you. You block Robin's attack.
You slash Robin!
You kill Robin!
You closely miss the goblin. The goblin hits you with a +0 dagger.
You die...

.....#....<.......
.##..#.....#.##... #.
.....#..........# ###..
#.#..#.#.....######.....
#......#.)†.## #........
...........## #........
.......#.#.### #........
.............###Kg......
#.......^###...)@†......
#........###...#))......
#......(.....###........
#........##### #........
##..###### #........
#### #########


You could see a goblin (strong) and a kobold.

Vanquished Creatures
  Robin (D:2)
  2 adders (D:2)
  A dart slug (D:1)
  A ball python (D:2)
  A bat (D:2)
  2 endoplasms
  3 hobgoblins
  3 kobolds (D:1)
  3 frilled lizards (D:1)
  12 goblins
  A rat (D:1)
30 creatures vanquished.

Notes
Turn   | Place    | Note
-------+----------+-------------------------------------------
     0 | D:1      | YayAnonymity the Demigod Fighter began the quest for the
                  | Orb.
     0 | D:1      | Reached XP level 1. HP: 18/18 MP: 3/3
    35 | D:1      | Got the Disquisition on the Fetching Mountains
   352 | D:1      | Reached skill level 2 in Axes
   608 | D:1      | Reached XP level 2. HP: 23/25 MP: 4/4
   919 | D:2      | Reached skill level 3 in Axes
  1002 | D:2      | Identified the +0 helmet of Weirdness {rF+ rC+ Will- Str+7}
  1002 | D:2      | Noticed Robin
  1010 | D:2      | Reached XP level 3. HP: 9/30 MP: 5/5
  1013 | D:2      | HP: 1/30 [goblin/+0 dagger[Robin] (1)]
  1015 | D:2      | Killed Robin
  1015 | D:2      | Slain by a goblin

Illustrated notes

Levels and vault maps discovered:
D:1:      evilmike_arrival_plus, layout_basic, minmay_3d_cube
D:2:      layout_rooms, uniq_robin

Skill      XL: |  1  2 |
---------------+-------+-----
Axes           | 2 3 |  3.6
Fighting       | |  2.6
Armour         | |  2.6
Shields        | |  2.6

Action                   || total
-------------------------++-------
Melee: War axe           ||    40
  Use: Potion            ||     1
Armor: Scale mail        ||    20
Dodge: Dodged            ||    28
Block: Buckler           ||    10

Table legend: (Time is in decaauts)
 A = Elapsed time spent in this place.
 B = Non-inter-level travel time spent in this place.
 C = Inter-level travel time spent in this place.
 D = Time resting spent in this place.
 E = Time spent auto-exploring this place.
 F = Levels seen in this place.
 G = Mean time per level.
                   A        B        C        D        E       F      G
               +--------+--------+--------+--------+--------+-----+--------+
         Total |   1030 |    959 |     71 |      0 |    813 |   2 |  515.0 |
       Dungeon |   1030 |    959 |     71 |      0 |    813 |   2 |  515.0 |
               +--------+--------+--------+--------+--------+-----+--------+

Top non-repeatable levels by time:
     D:1: 921 daAuts
     D:2: 109 daAuts
